 Dungeon Crawl Stone Soup version 0.22.1 (webtiles) character file.

130 MalarOregon the Chopper (level 5, -8/47 HPs)
             Began as a Hill Orc Fighter on Sept 18, 2018.
             Splashed by Ijyb's acid (9 damage)
             ... on level 3 of the Dungeon.
             The game lasted 00:03:21 (2445 turns).

MalarOregon the Chopper (Hill Orc Fighter)          Turns: 2445, Time: 00:03:22

Health: -8/47      AC:  6    Str: 23 (24) XL:     5   Next: 13%
Magic:  5/5        EV:  6    Int:  8 (9)  God:
Gold:   133        SH:  9    Dex:  7 (10) Spells: 4/4 levels left

rFire    . . .     SeeInvis .   a - +0 war axe
rCold    . . .     Gourm    .   c - +0 shield
rNeg     . . .     Faith    .   g - +0 chain mail (curse)
rPois    .         Spirit   .   (no helmet)
rElec    .         Reflect  .   (no cloak)
rCorr    .         Harm     .   q - +0 pair of gloves
MR       .....                  (no boots)
Stlth    ..........             (no amulet)
HPRegen  0.15/turn              (no ring)
MPRegen  0.09/turn              (no ring)

@: mighty, lethally poisoned (-8 -> -20), corroded, slowed, very slow
A: no striking features
a: no special abilities


You were on level 3 of the Dungeon.
You were not hungry.

You visited 1 branch of the dungeon, and saw 3 of its levels.

You collected 133 gold pieces.

Inventory:

Hand Weapons
 a - a +0 war axe (weapon)
Armour
 c - a +0 shield (worn)
 g - a cursed +0 chain mail (worn)
   (You found it on level 1 of the Dungeon)
 o - a +0 helmet
   (You took it off Robin on level 3 of the Dungeon)
 q - a +0 pair of gloves (worn)
   (You found it on level 2 of the Dungeon)
Jewellery
 m - a cursed ring of attention {unknown}
   (You found it on level 1 of the Dungeon)
 p - an uncursed ring of stealth {unknown}
   (You found it on level 2 of the Dungeon)
Scrolls
 b - a scroll of enchant armour {unknown}
 f - 6 scrolls of identify {unknown}
 i - a scroll of fear {unknown}
 j - 2 scrolls of fog {unknown}
 l - a scroll of enchant weapon {unknown}
 n - 2 scrolls of blinking {unknown}
Potions
 d - 2 potions of might
 h - 2 potions of degeneration {!q}
 k - 2 potions of brilliance
Comestibles
 e - 6 rations {!d}


   Skills:
 + Level 4.3 Fighting
 * Level 4.5 Axes
 + Level 3.9 Armour
 + Level 1.2 Dodging
 + Level 3.8 Shields


You had 4 spell levels left.
You didn't know any spells.
Your spell library contained the following spells:

 Spells                   Type           Power        Failure   Level  Hunger
 Beastly Appendage        Tmut           #.....       100%        1    ##.....
 Sticks to Snakes         Tmut           #.......     100%        2    ###....
 Spider Form              Tmut/Pois      #.........   100%        3    ####...
 Ice Form                 Ice/Tmut       #.......     100%        4    #####..
 Blade Hands              Tmut           #.........   100%        5    ######.


Dungeon Overview and Level Annotations

Branches:
Dungeon (3/15)

Altars:

Annotations:
D:3 1 runed door, Ijyb


Message History

There are monsters nearby!
There are monsters nearby!
Your shield and chain mail prevent you from hitting the adder.
You block the adder's attack. The adder barely misses you.
You closely miss the adder. You block the adder's attack.
The adder bites you but does no damage.
You closely miss the adder. The adder bites you.
You are poisoned.
The adder poisons you!
Ijyb the Twisted Goblin comes into view.
You block the adder's attack.
Ijyb shouts!
You slash the adder!
You kill the adder!
You feel sick.
The kobold wields a blowgun.
The kobold shoots a curare-tipped needle.
The curare-tipped needle hits you.
You are more poisoned.
You have difficulty breathing.
You feel yourself slow down.
You feel very sick.
The kobold unwields an uncursed blowgun.
You block the kobold's attack.
You see here an adder corpse.
Your chain mail prevents you from hitting the kobold.
You feel sick. You block the kobold's attack.
Ijyb zaps a wand.
The bolt of acid hits the kobold.
The kobold is splashed with acid.
The acid corrodes the kobold!
The kobold dies!
The bolt of acid hits you!
* * * LOW HITPOINT WARNING * * *
You are splashed with acid!
The acid burns!
* * * LOW HITPOINT WARNING * * *
It is a wand of acid (8).
Unknown command.
* * * LOW HITPOINT WARNING * * *
You feel very sick. Ijyb hits you but does no damage. You block Ijyb's attack.
Found a spear.
Things that are here:
an uncursed blowgun; 2 curare-tipped needles {!f}; a kobold corpse You hit Ijyb.
* * * LOW HITPOINT WARNING * * *
You feel sick.
Ijyb zaps a wand.
The bolt of acid hits you!
* * * LOW HITPOINT WARNING * * *
The acid corrodes you!
You are splashed with acid!
The acid burns!
You die...

.. ...... ..).##
#....... ## ......
.)....... #.
...... .........
##.### #......
......... .....
....... .........
#..# .......
.........
#..##.......
.........
#..†@g......
).......#
#.(###......
..#####.### #..#
##### ...##
#...###..###
....####.........#
#.....##.#....#.##
......##....###.#
###........## .# #
#...#.......#.#


You could see Ijyb.

Vanquished Creatures
  Robin (D:3)
  3 adders
  A gnoll (D:1)
  2 worms
  2 dart slugs
  A leopard gecko (D:3)
  2 orcs
  A ball python (D:3)
  A giant cockroach (D:3)
  10 hobgoblins
  3 jackals (D:2)
  A quokka (D:3)
  12 bats
  3 frilled lizards
  15 goblins
  7 kobolds
  3 rats
68 creatures vanquished.

Vanquished Creatures (others)
  A kobold (D:3)
1 creature vanquished.

Grand Total: 69 creatures vanquished

Notes
Turn   | Place    | Note
-------+----------+-------------------------------------------
     0 | D:1      | MalarOregon the Hill Orc Fighter began the quest for the
                  | Orb.
     0 | D:1      | Reached XP level 1. HP: 19/19 MP: 1/1
   300 | D:1      | Reached XP level 2. HP: 26/27 MP: 2/2
   638 | D:1      | Reached XP level 3. HP: 23/33 MP: 3/3
  1199 | D:2      | Reached skill level 1 in Dodging
  1328 | D:2      | Reached XP level 4. HP: 39/40 MP: 4/4
  1826 | D:3      | Found a runed door.
  1840 | D:3      | Noticed Robin
  2195 | D:2      | HP: 2/40 [poisoned by Robin]
  2416 | D:3      | Killed Robin
  2416 | D:3      | Reached XP level 5. HP: 46/46 MP: 5/5
  2440 | D:3      | Noticed Ijyb
  2445 | D:3      | HP: 1/47 [Ijyb/wand of acid (8) (5)]
  2445 | D:3      | Splashed by Ijyb's acid

Skill      XL: |  1  2  3  4 |
---------------+-------------+-----
Axes           | 3 4 |  4.5
Fighting       | 4 |  4.3
Dodging        | 1 |  1.2
Armour         | |  3.9
Shields        | |  3.8

Action                   |  1- 3 |  4- 6 || total
-------------------------+-------+-------++-------
Melee: War axe           |   124 |    84 ||   208
  Use: Potion            |       |     4 ||     4
  Eat: Chunk             |     2 |     3 ||     5
Armor: Scale mail        |    48 |       ||    48
       Chain mail        |    20 |    72 ||    92
Dodge: Dodged            |    45 |    21 ||    66
Block: Shield            |    72 |    52 ||   124
